Wolf Pack vs Checkers 2

Created - 6 octobre 2023 at 16:57

Goals
1 2 3 T
Wolf Pack 0 1 1 2
Checkers 2 0 4 1 5
Shots
1 2 3 T
Wolf Pack 12 10 10 32
Checkers 2 13 13 7 33

GoalsPenalties
1st period
No Goal
Mark Friedman (NYR) for Holding (Minor) at 19:45
2nd period
1. Checkers 2 , Sheldon Dries 1 (Nathan Walker 2, Joel Kiviranta 4) at 1:14 (PP)
2. Checkers 2 , Hudson Fasching 2 (Cale Fleury 2, Parker Kelly 10) at 1:52
3. Wolf Pack , Kirill Marchenko 10 (Dominik Shine 2, Viktor Lodin 3) at 12:15
4. Checkers 2 , Brett Ritchie 8 (Laurent Dauphin 11) at 12:39 (PP)
5. Checkers 2 , Parker Kelly 3 (Hudson Fasching 1, Wayne Simmonds 1) at 13:57
Logan Hutsko (NYR) for Holding (Minor) at 5:49
Jared McIsaac (NYR) for Tripping (Minor) at 12:24
3rd period
6. Checkers 2 , Parker Kelly 4 (Hudson Fasching 2, Wayne Simmonds 2) at 3:09
7. Wolf Pack , Kirill Marchenko 11 (Gustav Lindstrom 4, Logan Brown 13) at 3:15
Brett Ritchie (SEA) for Hooking (Minor) at 8:34
Goalie Stats
Spencer Martin (NYR), 28 saves from 33 shots - (0,848), L, 7-1-1, 60:00 minutes
David Rittich (SEA), 30 saves from 32 shots - (0,938), W, 10-2-0, 60:00 minutes
3 StarsOfficial
1 - Parker Kelly (SEA)
2 - Hudson Fasching (SEA)
3 - Kirill Marchenko (NYR)
Referees : Jon McIsaac and Jacqueline Howard
Linesman : Derek Amell and Cydnie Rice
Game Note
0:58 of 2nd period - Checkers 2 goal is going for a video replay. After video review, No Goal. The goalkeeper has been pushed into the net together with the puck after making a save.
Taylor Ward is injured at 8:10 of 2nd period (Sprained Left Knee)



Team Name Goals Shots Shots Attemp Shots Blocked PIM HIT PP PK FO%
Wolf Pack 2327196200 / 1 (0%)242%
Checkers 2 5336072112 / 3 (67%)058%

Wolf Pack
Player Name POS G A P +/- PIM HIT SHT SB MP PP MP PP SHT PK MP PK SHT FO% FOT GA TA
Adam ClendeningD000-1002120:550:4001:0200% 001
Brian PinhoC/RW000-2035013:050:0000:530100% 110
Dominik ShineRW011-2000013:120:5400:0000% 000
Dysin MayoD000-1003021:540:4002:0100% 001
Gustav LindstromD0110030425:351:1902:4100% 000
Henry BowlbyC000-1042217:571:0502:31039% 1811
Jared McIsaacD0000212213:440:0000:1500% 000
Kirill MarchenkoRW2022047019:331:0500:000100% 110
Logan BrownC/LW0112006021:571:0502:32041% 2910
Logan HutskoC000-2211015:270:5400:15025% 420
Lucas EdmondsLW/RW0002020020:150:5400:0000% 100
Lukas SvejkovskyC000-1001014:060:0000:0000% 210
Mark FriedmanD0000201024:201:1901:2700% 001
Oskar OlaussonRW000-1001014:060:0000:0000% 030
Oskari LaaksonenD0000011013:300:0000:0000% 001
Ryder KorczakC0000000010:190:0000:00067% 301
Taylor WardRW000000005:140:0000:590100% 100
Viktor LodinC/LW0110010011:050:0000:1600% 000
Checkers 2
Player Name POS G A P +/- PIM HIT SHT SB MP PP MP PP SHT PK MP PK SHT FO% FOT GA TA
Alex BelzileC/RW000000005:120:0000:0000% 000
Brett RitchieRW101-1208124:032:3430:00050% 231
Cale FleuryD0112010018:250:0000:5500% 000
Colton WhiteD000-1000026:122:3700:0000% 001
Conor TimminsD0002001120:491:0601:0400% 002
Hudson FaschingRW1232003014:360:0000:0000% 000
Jake ChristiansenD000000000:000:0000:0000% 000
Joel HanleyD0000020228:152:3701:0400% 012
Joel KivirantaLW/RW0110041019:431:1400:5900% 001
Laurent DauphinC011-1014024:052:3310:00055% 3300
Max PaciorettyLW000-1007023:322:2520:0000% 101
Michael Del ZottoD000-100001:421:0600:0000% 000
Nathan WalkerLW0110014016:211:0811:000100% 200
Parker KellyC/LW2132013016:020:1001:00050% 600
Scott HarringtonD0000000012:590:0000:5500% 001
Sheldon DriesC1010002119:210:5310:59069% 1610
Victor MeteD0000000011:450:0000:0000% 001
Wayne SimmondsLW/RW0222010214:580:1200:0000% 010

Wolf Pack

5 vs 5 Forward
Line #Left WingCenterRight WingPHYDFOFWanted %Time %Time Play
1Lucas EdmondsLogan BrownKirill Marchenko1224034%18:20
2Lukas SvejkovskyHenry BowlbyOskar Olausson1223027%14:28
3Dominik ShineLogan HutskoBrian Pinho1222020%11:03
4Viktor LodinRyder KorczakTaylor Ward1221019%10:27
5 vs 5 Defense
Line #DefenseDefensePHYDFOFWanted %Time %Time Play
1Gustav LindstromMark Friedman1224035%19:11
2Adam ClendeningDysin Mayo1223035%19:13
3Jared McIsaacOskari Laaksonen1222025%13:30
4Gustav LindstromMark Friedman122104%2:24
Power Play Forward
Line #Left WingCenterRight WingPHYDFOFWanted %Time %Time Play
1Logan BrownHenry BowlbyKirill Marchenko1226055%1:05
2Lucas EdmondsLogan HutskoDominik Shine1224045%0:54
Power Play Defense
Line #DefenseDefensePHYDFOFWanted %Time %Time Play
1Gustav LindstromMark Friedman1226066%1:19
2Adam ClendeningDysin Mayo1224034%0:40
Penalty Kill 4 Players Forward
Line #CenterWingPHYDFOFWanted %Time %Time Play
1Henry BowlbyLogan Brown1226074%2:44
2Logan HutskoTaylor Ward1224026%0:59
Penalty Kill 4 Players Defense
Line #DefenseDefensePHYDFOFWanted %Time %Time Play
1Gustav LindstromMark Friedman1226079%2:56
2Adam ClendeningDysin Mayo1224021%0:47
Penalty Kill 3 Players
Line #WingPHYDFOFWanted %Time %Time PlayDefenseDefensePHYDFOFWanted %Time %Time Play
1Henry Bowlby122600%0:00 Gustav LindstromMark Friedman122600%0:00
2Logan Hutsko122400%0:00 Adam ClendeningDysin Mayo122400%0:00
4 vs 4 Forward
Line #CenterWingPHYDFOFWanted %Time %Time Play
1Henry BowlbyLogan Brown122600%0:00
2Lukas SvejkovskyOskar Olausson122400%0:00
4 vs 4 Defense
Line #DefensePHYDFOFWanted %Time %Time Play
1Gustav LindstromMark Friedman122600%0:00
2Adam ClendeningDysin Mayo122400%0:00
Last Minutes Offensive
Left WingCenterRight WingDefenseDefense
Logan BrownHenry BowlbyKirill MarchenkoGustav LindstromMark Friedman
Last Minutes Defensive
Left WingCenterRight WingDefenseDefense
Logan BrownHenry BowlbyKirill MarchenkoGustav LindstromMark Friedman
Time
Total ForwardTotal DefenseLast Minutes OffensiveLast Minutes Defensive
60:00 60:00 0:000:00
Extra Forwards
Normal PowerPlayPenalty Kill
Logan Hutsko, Lucas Edmonds, Dominik ShineLogan Hutsko, Lucas EdmondsLogan Hutsko
Extra Defensemen
Normal PowerPlayPenalty Kill
Dysin Mayo, Jared McIsaac, Oskari LaaksonenDysin Mayo, Dysin MayoJared McIsaac
Penalty Shots
Kirill Marchenko, Logan Brown, Lucas Edmonds, Henry Bowlby, Logan Hutsko
Goalie
Spencer Martin, Alex Lyon
Scratches
Jon Lizotte (Healthy), Donovan Sebrango (Healthy), Mason Morelli (Healthy), Thomas Harley (Healthy), Zac Jones (Healthy) Oskar Back (Healthy), Patrick Holway (Healthy), Daniil Chayka (Healthy), Jami Krannila (Healthy), Jayden Struble (Healthy) Mason Lohrei (Healthy), Michael Milne (Healthy), Raivis Ansons (Healthy), Isaac Poulter (Healthy)

Checkers 2

5 vs 5 Forward
Line #Left WingCenterRight WingPHYDFOFWanted %Time %Time Play
1Max PaciorettyLaurent DauphinBrett Ritchie0234539%21:07
2Nathan WalkerSheldon DriesJoel Kiviranta0233025%13:43
3Wayne SimmondsParker KellyHudson Fasching0322027%14:36
4Joel KivirantaSheldon DriesAlex Belzile03259%4:52
5 vs 5 Defense
Line #DefenseDefensePHYDFOFWanted %Time %Time Play
1Joel HanleyColton White0325043%23:35
2Conor TimminsCale Fleury0323032%17:30
3Scott HarringtonVictor Mete0321022%11:45
4Joel HanleyConor Timmins032103%1:28
Power Play Forward
Line #Left WingCenterRight WingPHYDFOFWanted %Time %Time Play
1Max PaciorettyLaurent DauphinBrett Ritchie0236070%2:35
2Nathan WalkerBrett RitchieJoel Kiviranta0234030%1:08
Power Play Defense
Line #DefenseDefensePHYDFOFWanted %Time %Time Play
1Joel HanleyColton White0236070%2:37
2Conor TimminsMichael Del Zotto0234030%1:06
Penalty Kill 4 Players Forward
Line #CenterWingPHYDFOFWanted %Time %Time Play
1Sheldon DriesJoel Kiviranta0505050%0:59
2Parker KellyNathan Walker0505050%1:00
Penalty Kill 4 Players Defense
Line #DefenseDefensePHYDFOFWanted %Time %Time Play
1Joel HanleyConor Timmins1316054%1:04
2Scott HarringtonCale Fleury1314046%0:55
Penalty Kill 3 Players
Line #WingPHYDFOFWanted %Time %Time PlayDefenseDefensePHYDFOFWanted %Time %Time Play
1Wayne Simmonds050600%0:00 Joel HanleyConor Timmins041600%0:00
2Hudson Fasching050400%0:00 Scott HarringtonCale Fleury041400%0:00
4 vs 4 Forward
Line #CenterWingPHYDFOFWanted %Time %Time Play
1Laurent DauphinMax Pacioretty032500%0:00
2Sheldon DriesBrett Ritchie032500%0:00
4 vs 4 Defense
Line #DefensePHYDFOFWanted %Time %Time Play
1Joel HanleyColton White032600%0:00
2Conor TimminsCale Fleury032400%0:00
Last Minutes Offensive
Left WingCenterRight WingDefenseDefense
Max PaciorettySheldon DriesBrett RitchieJoel HanleyMichael Del Zotto
Last Minutes Defensive
Left WingCenterRight WingDefenseDefense
Nathan WalkerLaurent DauphinJoel KivirantaConor TimminsScott Harrington
Time
Total ForwardTotal DefenseLast Minutes OffensiveLast Minutes Defensive
60:00 60:00 0:000:00
Extra Forwards
Normal PowerPlayPenalty Kill
Nathan Walker, Laurent Dauphin, Brett RitchieLaurent Dauphin, Brett RitchieNathan Walker
Extra Defensemen
Normal PowerPlayPenalty Kill
Joel Hanley, Conor Timmins, Michael Del ZottoJoel Hanley, Conor TimminsScott Harrington
Penalty Shots
Max Pacioretty, Sheldon Dries, Brett Ritchie, Nathan Walker, Laurent Dauphin
Goalie
David Rittich, Pavel Francouz
Scratches
Gage Quinney (Healthy), Alex Galchenyuk (Healthy), Xavier Ouellet (Healthy), Jeremy Davies (Healthy), Martin Kaut (Healthy) Mikhail Maltsev (Healthy), Noah Juulsen (Healthy), Nate Thompson (Healthy), Radim Zohorna (Healthy), Patrick Guay (Healthy) Maxime Lagace (Healthy), Zach Sawchenko (Healthy)


Play-by-Play

1st period


0:01 of 1st period - Logan Brown wins face-off versus Brett Ritchie in neutral zone.
0:06 of 1st period - Slapshot by Kirill Marchenko.
0:06 of 1st period - Shot Misses the Net.
0:08 of 1st period - Slapshot by Mark Friedman.
0:08 of 1st period - Deflect By Logan Brown.
0:08 of 1st period - Stopped by David Rittich with a rebound.
0:10 of 1st period - Wrist shot by Kirill Marchenko.
0:10 of 1st period - Stopped by David Rittich with a rebound.
0:12 of 1st period - Slapshot by Mark Friedman.
0:12 of 1st period - Stopped by David Rittich with a rebound.
0:14 of 1st period - Slapshot by Mark Friedman.
0:14 of 1st period - Shot Misses the Net.
0:26 of 1st period - Henry Bowlby is hit by Joel Kiviranta and loses puck.
0:35 of 1st period - Slapshot by Sheldon Dries.
0:35 of 1st period - Stopped by Spencer Martin without a rebound.
0:36 of 1st period - Parker Kelly wins face-off versus Logan Hutsko in Wolf Pack zone.
1:05 of 1st period - Snap shot by Max Pacioretty.
1:05 of 1st period - Deflect By Laurent Dauphin.
1:05 of 1st period - Shot Misses the Net.
1:05 of 1st period - Puck is out of play.
1:06 of 1st period - Taylor Ward wins face-off versus Laurent Dauphin in Wolf Pack zone.
1:15 of 1st period - Slapshot by Oskari Laaksonen.
1:15 of 1st period - Stopped by David Rittich without a rebound.
1:16 of 1st period - Nathan Walker wins face-off versus Logan Brown in Checkers 2 zone.
1:45 of 1st period - Slapshot by Gustav Lindstrom.
1:45 of 1st period - Shot Blocked by Brett Ritchie.
2:20 of 1st period - Slapshot by Brett Ritchie.
2:20 of 1st period - Stopped by Spencer Martin with a rebound.
2:22 of 1st period - Snap shot by Laurent Dauphin.
2:22 of 1st period - Shot Misses the Net.
2:28 of 1st period - Snap shot by Max Pacioretty.
2:28 of 1st period - Stopped by Spencer Martin with a rebound.
2:30 of 1st period - Wrist shot by Laurent Dauphin.
2:30 of 1st period - Stopped by Spencer Martin with a rebound.
2:32 of 1st period - Snap shot by Brett Ritchie.
2:32 of 1st period - Deflect By Adam Clendening.
2:32 of 1st period - Stopped by Spencer Martin with a rebound.
2:34 of 1st period - Slapshot by Scott Harrington.
2:34 of 1st period - Deflect By Brett Ritchie.
2:34 of 1st period - Shot Misses the Net.
2:34 of 1st period - Puck is out of play.
2:35 of 1st period - Logan Brown wins face-off versus Sheldon Dries in Wolf Pack zone.
3:02 of 1st period - Joel Hanley is hit by Henry Bowlby and loses puck.
3:15 of 1st period - Slapshot by Mark Friedman.
3:15 of 1st period - Shot Misses the Net.
3:47 of 1st period - Slapshot by Dysin Mayo.
3:47 of 1st period - Stopped by David Rittich without a rebound.
3:48 of 1st period - Logan Brown wins face-off versus Parker Kelly in Checkers 2 zone.
4:17 of 1st period - Snap shot by Henry Bowlby.
4:17 of 1st period - Stopped by David Rittich with a rebound.
4:42 of 1st period - Slapshot by Gustav Lindstrom.
4:42 of 1st period - Shot Misses the Net.
4:44 of 1st period - Snap shot by Ryder Korczak.
4:44 of 1st period - Shot Misses the Net.
5:17 of 1st period - Snap shot by Sheldon Dries.
5:17 of 1st period - Shot Blocked by Jared McIsaac.
5:35 of 1st period - Max Pacioretty is hit by Oskari Laaksonen and loses puck.
7:31 of 1st period - Mark Friedman is hit by Joel Kiviranta and loses puck.
7:54 of 1st period - Snap shot by Kirill Marchenko.
7:54 of 1st period - Shot Blocked by Wayne Simmonds.
8:36 of 1st period - Off-side.
8:37 of 1st period - Sheldon Dries wins face-off versus Logan Brown in neutral zone.
10:55 of 1st period - Snap shot by Taylor Ward.
10:55 of 1st period - Shot Misses the Net.
10:57 of 1st period - Wrist shot by Dysin Mayo.
10:57 of 1st period - Stopped by David Rittich without a rebound.
10:58 of 1st period - Brett Ritchie wins face-off versus Logan Brown in Checkers 2 zone.
11:36 of 1st period - Slapshot by Sheldon Dries.
11:36 of 1st period - Shot Misses the Net.
11:54 of 1st period - Slapshot by Dominik Shine.
11:54 of 1st period - Shot Misses the Net.
11:56 of 1st period - Slapshot by Brian Pinho.
11:56 of 1st period - Shot Misses the Net.
11:58 of 1st period - Wrist shot by Logan Hutsko.
11:58 of 1st period - Stopped by David Rittich without a rebound.
11:59 of 1st period - Logan Brown wins face-off versus Sheldon Dries in Checkers 2 zone.
12:00 of 1st period - Wrist shot by Kirill Marchenko.
12:00 of 1st period - Stopped by David Rittich without a rebound.
12:01 of 1st period - Logan Brown wins face-off versus Sheldon Dries in Checkers 2 zone.
12:12 of 1st period - Slapshot by Kirill Marchenko.
12:12 of 1st period - Stopped by David Rittich with a rebound.
12:18 of 1st period - Snap shot by Nathan Walker.
12:18 of 1st period - Stopped by Spencer Martin without a rebound.
12:19 of 1st period - Laurent Dauphin wins face-off versus Henry Bowlby in Wolf Pack zone.
12:28 of 1st period - Snap shot by Laurent Dauphin.
12:28 of 1st period - Shot Misses the Net.
12:32 of 1st period - Snap shot by Max Pacioretty.
12:32 of 1st period - Shot Blocked by Gustav Lindstrom.
12:34 of 1st period - Slapshot by Max Pacioretty.
12:34 of 1st period - Stopped by Spencer Martin without a rebound.
12:35 of 1st period - Sheldon Dries wins face-off versus Logan Brown in Wolf Pack zone.
13:01 of 1st period - Nathan Walker is hit by Brian Pinho.
13:21 of 1st period - Snap shot by Sheldon Dries.
13:21 of 1st period - Deflect By Nathan Walker.
13:21 of 1st period - Shot Misses the Net.
13:21 of 1st period - Puck is out of play.
13:22 of 1st period - Logan Brown wins face-off versus Laurent Dauphin in Wolf Pack zone.
13:27 of 1st period - Snap shot by Logan Brown.
13:27 of 1st period - Stopped by David Rittich without a rebound.
13:28 of 1st period - Logan Brown wins face-off versus Laurent Dauphin in Checkers 2 zone.
13:39 of 1st period - Snap shot by Kirill Marchenko.
13:39 of 1st period - Shot Misses the Net.
14:07 of 1st period - Slapshot by Kirill Marchenko.
14:07 of 1st period - Shot Misses the Net.
14:37 of 1st period - Snap shot by Kirill Marchenko.
14:37 of 1st period - Shot Misses the Net.
14:44 of 1st period - Icing by Max Pacioretty.
14:45 of 1st period - Laurent Dauphin wins face-off versus Henry Bowlby in Checkers 2 zone.
14:50 of 1st period - Snap shot by Max Pacioretty.
14:50 of 1st period - Stopped by Spencer Martin with a rebound.
14:52 of 1st period - Snap shot by Colton White.
14:52 of 1st period - Shot Misses the Net.
14:54 of 1st period - Snap shot by Brett Ritchie.
14:54 of 1st period - Shot Misses the Net.
14:56 of 1st period - Slapshot by Colton White.
14:56 of 1st period - Deflect By Laurent Dauphin.
14:56 of 1st period - Stopped by Spencer Martin without a rebound.
14:57 of 1st period - Sheldon Dries wins face-off versus Lukas Svejkovsky in Wolf Pack zone.
15:02 of 1st period - Snap shot by Nathan Walker.
15:02 of 1st period - Stopped by Spencer Martin with a rebound.
15:04 of 1st period - Backhand shot by Sheldon Dries.
15:04 of 1st period - Shot Misses the Net.
15:06 of 1st period - Slapshot by Sheldon Dries.
15:06 of 1st period - Shot Misses the Net.
15:10 of 1st period - Wrist shot by Joel Kiviranta.
15:10 of 1st period - Shot Blocked by Henry Bowlby.
15:14 of 1st period - Slapshot by Joel Kiviranta.
15:14 of 1st period - Stopped by Spencer Martin with a rebound.
15:24 of 1st period - Parker Kelly is hit by Gustav Lindstrom and loses puck.
15:31 of 1st period - Wrist shot by Brian Pinho.
15:31 of 1st period - Stopped by David Rittich with a rebound.
15:37 of 1st period - Brian Pinho is hit by Cale Fleury and loses puck.
16:08 of 1st period - Wrist shot by Henry Bowlby.
16:08 of 1st period - Shot Hit the Post.
16:24 of 1st period - Victor Mete is hit by Kirill Marchenko and loses puck.
17:42 of 1st period - Wrist shot by Ryder Korczak.
17:42 of 1st period - Shot Misses the Net.
17:44 of 1st period - Wrist shot by Oskar Olausson.
17:44 of 1st period - Deflect By Lukas Svejkovsky.
17:44 of 1st period - Shot Misses the Net.
17:44 of 1st period - Puck is out of play.
17:45 of 1st period - Sheldon Dries wins face-off versus Henry Bowlby in Checkers 2 zone.
19:27 of 1st period - Wrist shot by Ryder Korczak.
19:27 of 1st period - Deflect By Colton White.
19:27 of 1st period - Shot Misses the Net.
19:27 of 1st period - Puck is out of play.
19:28 of 1st period - Parker Kelly wins face-off versus Logan Brown in Checkers 2 zone.
19:45 of 1st period - Minor Penalty to Mark Friedman for Holding.
19:46 of 1st period - Laurent Dauphin wins face-off versus Henry Bowlby in Wolf Pack zone.
19:49 of 1st period - Snap shot by Brett Ritchie.
19:49 of 1st period - Stopped by Spencer Martin with a rebound.
19:51 of 1st period - Slapshot by Colton White.
19:51 of 1st period - Shot Misses the Net.
19:53 of 1st period - Slapshot by Brett Ritchie.
19:53 of 1st period - Stopped by Spencer Martin without a rebound.
19:54 of 1st period - Henry Bowlby wins face-off versus Laurent Dauphin in Wolf Pack zone.
Goals for this period are 0 for Wolf Pack vs 0 for Checkers 2.
Shots for this period are 12 for Wolf Pack vs 13 for Checkers 2.

2nd period


0:01 of 2nd period - Laurent Dauphin wins face-off versus Henry Bowlby in neutral zone.
0:06 of 2nd period - Logan Brown is hit by Laurent Dauphin.
0:56 of 2nd period - Slapshot by Max Pacioretty.
0:56 of 2nd period - Shot Misses the Net.
0:58 of 2nd period - Snap shot by Max Pacioretty.
0:58 of 2nd period - Checkers 2 goal is going for a video replay.
0:58 of 2nd period - The goal is refused. The goalkeeper has been pushed into the net together with the puck after making a save..
0:59 of 2nd period - Nathan Walker wins face-off versus Henry Bowlby in Wolf Pack zone.
1:10 of 2nd period - Slapshot by Nathan Walker.
1:10 of 2nd period - Shot Blocked by Gustav Lindstrom.
1:12 of 2nd period - Slapshot by Nathan Walker.
1:12 of 2nd period - Stopped by Spencer Martin with a rebound.
1:14 of 2nd period - Snap shot by Sheldon Dries.
1:14 of 2nd period - Goal by Sheldon Dries - Wolf Pack : 0 - Checkers 2 : 1.
1:15 of 2nd period - Sheldon Dries wins face-off versus Logan Hutsko in neutral zone.
1:26 of 2nd period - Snap shot by Gustav Lindstrom.
1:26 of 2nd period - Shot Blocked by Sheldon Dries.
1:50 of 2nd period - Wrist shot by Hudson Fasching.
1:50 of 2nd period - Stopped by Spencer Martin with a rebound.
1:52 of 2nd period - Slapshot by Cale Fleury.
1:52 of 2nd period - Deflect By Hudson Fasching.
1:52 of 2nd period - Goal by Hudson Fasching - Wolf Pack : 0 - Checkers 2 : 2.
1:53 of 2nd period - Logan Brown wins face-off versus Laurent Dauphin in neutral zone.
2:20 of 2nd period - Colton White is hit by Brian Pinho and loses puck.
2:25 of 2nd period - Slapshot by Brian Pinho.
2:25 of 2nd period - Stopped by David Rittich without a rebound.
2:26 of 2nd period - Sheldon Dries wins face-off versus Logan Hutsko in Checkers 2 zone.
2:37 of 2nd period - Logan Hutsko is hit by Nathan Walker and loses puck.
2:54 of 2nd period - Cale Fleury is hit by Kirill Marchenko and loses puck.
3:27 of 2nd period - Slapshot by Mark Friedman.
3:27 of 2nd period - Shot Blocked by Conor Timmins.
4:27 of 2nd period - Wrist shot by Joel Kiviranta.
4:27 of 2nd period - Shot Misses the Net.
5:01 of 2nd period - Off-side.
5:02 of 2nd period - Henry Bowlby wins face-off versus Laurent Dauphin in neutral zone.
5:07 of 2nd period - Snap shot by Oskar Olausson.
5:07 of 2nd period - Stopped by David Rittich with a rebound.
5:49 of 2nd period - Minor Penalty to Logan Hutsko for Holding.
5:50 of 2nd period - Henry Bowlby wins face-off versus Laurent Dauphin in Wolf Pack zone.
7:49 of 2nd period - Penalty to Logan Hutsko is over, Logan Hutsko is back on ice.
8:09 of 2nd period - Taylor Ward is hit by Wayne Simmonds and loses puck.
8:10 of 2nd period - Taylor Ward from Wolf Pack is injured at 8:10 of 2nd period (Sprained Left Knee).
8:11 of 2nd period - Laurent Dauphin wins face-off versus Logan Brown in Wolf Pack zone.
8:19 of 2nd period - Icing by Gustav Lindstrom.
8:20 of 2nd period - Laurent Dauphin wins face-off versus Logan Brown in Wolf Pack zone.
8:27 of 2nd period - Snap shot by Max Pacioretty.
8:27 of 2nd period - Shot Blocked by Gustav Lindstrom.
8:33 of 2nd period - Snap shot by Brett Ritchie.
8:33 of 2nd period - Shot Blocked by Gustav Lindstrom.
8:47 of 2nd period - Wrist shot by Kirill Marchenko.
8:47 of 2nd period - Stopped by David Rittich without a rebound.
8:48 of 2nd period - Henry Bowlby wins face-off versus Sheldon Dries in Checkers 2 zone.
10:00 of 2nd period - Snap shot by Henry Bowlby.
10:00 of 2nd period - Shot Misses the Net.
10:27 of 2nd period - Brett Ritchie is hit by Lucas Edmonds and loses puck.
10:46 of 2nd period - Scott Harrington is hit by Henry Bowlby and loses puck.
11:05 of 2nd period - Wrist shot by Hudson Fasching.
11:05 of 2nd period - Stopped by Spencer Martin with a rebound.
12:15 of 2nd period - Snap shot by Kirill Marchenko.
12:15 of 2nd period - Goal by Kirill Marchenko - Wolf Pack : 1 - Checkers 2 : 2.
12:16 of 2nd period - Laurent Dauphin wins face-off versus Logan Brown in neutral zone.
12:24 of 2nd period - Minor Penalty to Jared McIsaac for Tripping.
12:25 of 2nd period - Laurent Dauphin wins face-off versus Henry Bowlby in Wolf Pack zone.
12:35 of 2nd period - Snap shot by Laurent Dauphin.
12:35 of 2nd period - Stopped by Spencer Martin with a rebound.
12:37 of 2nd period - Wrist shot by Max Pacioretty.
12:37 of 2nd period - Stopped by Spencer Martin without a rebound.
12:38 of 2nd period - Laurent Dauphin wins face-off versus Henry Bowlby in Wolf Pack zone.
12:39 of 2nd period - Snap shot by Brett Ritchie.
12:39 of 2nd period - Goal by Brett Ritchie - Wolf Pack : 1 - Checkers 2 : 3.
12:40 of 2nd period - Laurent Dauphin wins face-off versus Logan Brown in neutral zone.
12:43 of 2nd period - Snap shot by Brett Ritchie.
12:43 of 2nd period - Stopped by Spencer Martin without a rebound.
12:44 of 2nd period - Logan Brown wins face-off versus Laurent Dauphin in Wolf Pack zone.
12:49 of 2nd period - Wrist shot by Brett Ritchie.
12:49 of 2nd period - Shot Misses the Net.
12:59 of 2nd period - Snap shot by Kirill Marchenko.
12:59 of 2nd period - Shot Misses the Net.
13:11 of 2nd period - Wrist shot by Gustav Lindstrom.
13:11 of 2nd period - Shot Blocked by Joel Hanley.
13:13 of 2nd period - Wrist shot by Brian Pinho.
13:13 of 2nd period - Stopped by David Rittich with a rebound.
13:15 of 2nd period - Slapshot by Gustav Lindstrom.
13:15 of 2nd period - Shot Misses the Net.
13:17 of 2nd period - Wrist shot by Dominik Shine.
13:17 of 2nd period - Shot Misses the Net.
13:41 of 2nd period - Wrist shot by Joel Kiviranta.
13:41 of 2nd period - Shot Blocked by Adam Clendening.
13:55 of 2nd period - Snap shot by Hudson Fasching.
13:55 of 2nd period - Shot Blocked by Henry Bowlby.
13:57 of 2nd period - Slapshot by Parker Kelly.
13:57 of 2nd period - Goal by Parker Kelly - Wolf Pack : 1 - Checkers 2 : 4.
13:58 of 2nd period - Kirill Marchenko wins face-off versus Laurent Dauphin in neutral zone.
14:07 of 2nd period - Backhand shot by Kirill Marchenko.
14:07 of 2nd period - Stopped by David Rittich with a rebound.
14:09 of 2nd period - Snap shot by Logan Brown.
14:09 of 2nd period - Stopped by David Rittich without a rebound.
14:10 of 2nd period - Laurent Dauphin wins face-off versus Logan Brown in Checkers 2 zone.
14:37 of 2nd period - Logan Brown is hit by Joel Hanley and loses puck.
14:52 of 2nd period - Snap shot by Kirill Marchenko.
14:52 of 2nd period - Shot Misses the Net.
14:54 of 2nd period - Snap shot by Lucas Edmonds.
14:54 of 2nd period - Shot Hit the Post.
14:56 of 2nd period - Slapshot by Logan Brown.
14:56 of 2nd period - Shot Blocked by Wayne Simmonds.
15:08 of 2nd period - Slapshot by Logan Brown.
15:08 of 2nd period - Stopped by David Rittich with a rebound.
15:10 of 2nd period - Slapshot by Dysin Mayo.
15:10 of 2nd period - Stopped by David Rittich without a rebound.
15:11 of 2nd period - Henry Bowlby wins face-off versus Laurent Dauphin in Checkers 2 zone.
15:38 of 2nd period - Dominik Shine is hit by Joel Kiviranta and loses puck.
15:47 of 2nd period - Wrist shot by Brian Pinho.
15:47 of 2nd period - Stopped by David Rittich without a rebound.
15:48 of 2nd period - Laurent Dauphin wins face-off versus Ryder Korczak in Checkers 2 zone.
16:02 of 2nd period - Brett Ritchie is hit by Viktor Lodin and loses puck.
16:58 of 2nd period - Wrist shot by Viktor Lodin.
16:58 of 2nd period - Shot Misses the Net.
17:15 of 2nd period - Off-side.
17:16 of 2nd period - Sheldon Dries wins face-off versus Logan Brown in neutral zone.
17:19 of 2nd period - Snap shot by Joel Kiviranta.
17:19 of 2nd period - Shot Misses the Net.
17:21 of 2nd period - Snap shot by Nathan Walker.
17:21 of 2nd period - Stopped by Spencer Martin with a rebound.
17:23 of 2nd period - Snap shot by Joel Kiviranta.
17:23 of 2nd period - Shot Misses the Net.
17:53 of 2nd period - Snap shot by Parker Kelly.
17:53 of 2nd period - Stopped by Spencer Martin with a rebound.
18:05 of 2nd period - Alex Belzile is hit by Kirill Marchenko and loses puck.
Goals for this period are 1 for Wolf Pack vs 4 for Checkers 2.
Shots for this period are 10 for Wolf Pack vs 13 for Checkers 2.

3rd period


0:01 of 3rd period - Laurent Dauphin wins face-off versus Lucas Edmonds in neutral zone.
0:15 of 3rd period - Icing by Gustav Lindstrom.
0:16 of 3rd period - Sheldon Dries wins face-off versus Logan Brown in Wolf Pack zone.
0:31 of 3rd period - Snap shot by Kirill Marchenko.
0:31 of 3rd period - Shot Misses the Net.
1:15 of 3rd period - Snap shot by Logan Hutsko.
1:15 of 3rd period - Shot Misses the Net.
1:17 of 3rd period - Slapshot by Jared McIsaac.
1:17 of 3rd period - Shot Misses the Net.
1:33 of 3rd period - Snap shot by Lucas Edmonds.
1:33 of 3rd period - Deflect By Alex Belzile.
1:33 of 3rd period - Shot Misses the Net.
1:33 of 3rd period - Puck is out of play.
1:34 of 3rd period - Henry Bowlby wins face-off versus Laurent Dauphin in Checkers 2 zone.
1:35 of 3rd period - Snap shot by Oskar Olausson.
1:35 of 3rd period - Shot Misses the Net.
1:37 of 3rd period - Snap shot by Adam Clendening.
1:37 of 3rd period - Stopped by David Rittich without a rebound.
1:38 of 3rd period - Laurent Dauphin wins face-off versus Henry Bowlby in Checkers 2 zone.
2:07 of 3rd period - Snap shot by Logan Brown.
2:07 of 3rd period - Stopped by David Rittich without a rebound.
2:08 of 3rd period - Sheldon Dries wins face-off versus Logan Brown in Checkers 2 zone.
2:30 of 3rd period - Snap shot by Logan Brown.
2:30 of 3rd period - Shot Misses the Net.
2:32 of 3rd period - Slapshot by Jared McIsaac.
2:32 of 3rd period - Stopped by David Rittich without a rebound.
2:33 of 3rd period - Laurent Dauphin wins face-off versus Henry Bowlby in Checkers 2 zone.
2:42 of 3rd period - Snap shot by Laurent Dauphin.
2:42 of 3rd period - Shot Blocked by Jared McIsaac.
2:44 of 3rd period - Wrist shot by Max Pacioretty.
2:44 of 3rd period - Stopped by Spencer Martin with a rebound.
3:00 of 3rd period - Dominik Shine is hit by Parker Kelly and loses puck.
3:09 of 3rd period - Slapshot by Parker Kelly.
3:09 of 3rd period - Goal by Parker Kelly - Wolf Pack : 1 - Checkers 2 : 5.
3:10 of 3rd period - Logan Brown wins face-off versus Laurent Dauphin in neutral zone.
3:15 of 3rd period - Wrist shot by Kirill Marchenko.
3:15 of 3rd period - Goal by Kirill Marchenko - Wolf Pack : 2 - Checkers 2 : 5.
3:16 of 3rd period - Laurent Dauphin wins face-off versus Logan Brown in neutral zone.
3:41 of 3rd period - Lukas Svejkovsky is hit by Joel Kiviranta and loses puck.
4:26 of 3rd period - Slapshot by Logan Brown.
4:26 of 3rd period - Stopped by David Rittich without a rebound.
4:27 of 3rd period - Logan Brown wins face-off versus Max Pacioretty in Checkers 2 zone.
4:30 of 3rd period - Snap shot by Logan Brown.
4:30 of 3rd period - Shot Blocked by Joel Hanley.
4:36 of 3rd period - Snap shot by Max Pacioretty.
4:36 of 3rd period - Stopped by Spencer Martin with a rebound.
4:38 of 3rd period - Wrist shot by Brett Ritchie.
4:38 of 3rd period - Stopped by Spencer Martin without a rebound.
4:39 of 3rd period - Laurent Dauphin wins face-off versus Logan Brown in Wolf Pack zone.
4:48 of 3rd period - Snap shot by Brett Ritchie.
4:48 of 3rd period - Shot Misses the Net.
4:50 of 3rd period - Snap shot by Brett Ritchie.
4:50 of 3rd period - Stopped by Spencer Martin without a rebound.
4:51 of 3rd period - Logan Brown wins face-off versus Laurent Dauphin in Wolf Pack zone.
4:56 of 3rd period - Laurent Dauphin is hit by Lucas Edmonds and loses puck.
6:27 of 3rd period - Wrist shot by Laurent Dauphin.
6:27 of 3rd period - Stopped by Spencer Martin with a rebound.
6:29 of 3rd period - Wrist shot by Laurent Dauphin.
6:29 of 3rd period - Shot Misses the Net.
7:10 of 3rd period - Icing by Max Pacioretty.
7:11 of 3rd period - Parker Kelly wins face-off versus Lukas Svejkovsky in Checkers 2 zone.
8:17 of 3rd period - Off-side.
8:18 of 3rd period - Brian Pinho wins face-off versus Parker Kelly in neutral zone.
8:23 of 3rd period - Wrist shot by Brian Pinho.
8:23 of 3rd period - Stopped by David Rittich without a rebound.
8:24 of 3rd period - Laurent Dauphin wins face-off versus Logan Brown in Checkers 2 zone.
8:34 of 3rd period - Minor Penalty to Brett Ritchie for Hooking.
8:35 of 3rd period - Sheldon Dries wins face-off versus Henry Bowlby in Checkers 2 zone.
8:35 of 3rd period - Sheldon Dries is hit by Gustav Lindstrom.
9:01 of 3rd period - Icing by Lucas Edmonds.
9:02 of 3rd period - Logan Hutsko wins face-off versus Sheldon Dries in Wolf Pack zone.
9:13 of 3rd period - Sheldon Dries is hit by Gustav Lindstrom.
10:34 of 3rd period - Penalty to Brett Ritchie is over, Brett Ritchie is back on ice.
10:46 of 3rd period - Laurent Dauphin is hit by Brian Pinho.
10:52 of 3rd period - Snap shot by Brian Pinho.
10:52 of 3rd period - Deflect By Ryder Korczak.
10:52 of 3rd period - Shot Misses the Net.
10:52 of 3rd period - Puck is out of play.
10:53 of 3rd period - Ryder Korczak wins face-off versus Laurent Dauphin in Checkers 2 zone.
11:32 of 3rd period - Slapshot by Adam Clendening.
11:32 of 3rd period - Stopped by David Rittich without a rebound.
11:33 of 3rd period - Sheldon Dries wins face-off versus Logan Brown in Checkers 2 zone.
12:23 of 3rd period - Nathan Walker is hit by Henry Bowlby and loses puck.
12:30 of 3rd period - Slapshot by Conor Timmins.
12:30 of 3rd period - Stopped by Spencer Martin with a rebound.
12:50 of 3rd period - Mark Friedman is hit by Joel Hanley and loses puck.
15:27 of 3rd period - Snap shot by Logan Hutsko.
15:27 of 3rd period - Shot Misses the Net.
15:45 of 3rd period - Scott Harrington is hit by Kirill Marchenko and loses puck.
16:03 of 3rd period - Icing by Laurent Dauphin.
16:04 of 3rd period - Ryder Korczak wins face-off versus Laurent Dauphin in Checkers 2 zone.
16:26 of 3rd period - Joel Kiviranta is hit by Henry Bowlby and loses puck.
17:25 of 3rd period - Joel Kiviranta is hit by Logan Hutsko and loses puck.
18:13 of 3rd period - Snap shot by Lukas Svejkovsky.
18:13 of 3rd period - Stopped by David Rittich with a rebound.
18:17 of 3rd period - Snap shot by Henry Bowlby.
18:17 of 3rd period - Shot Misses the Net.
18:19 of 3rd period - Slapshot by Oskari Laaksonen.
18:19 of 3rd period - Shot Misses the Net.
18:21 of 3rd period - Slapshot by Henry Bowlby.
18:21 of 3rd period - Stopped by David Rittich with a rebound.
18:23 of 3rd period - Wrist shot by Jared McIsaac.
18:23 of 3rd period - Stopped by David Rittich with a rebound.
18:58 of 3rd period - Cale Fleury is hit by Jared McIsaac and loses puck.
19:55 of 3rd period - Off-side.
19:56 of 3rd period - Henry Bowlby wins face-off versus Parker Kelly in neutral zone.
Goals for this period are 1 for Wolf Pack vs 1 for Checkers 2.
Shots for this period are 10 for Wolf Pack vs 7 for Checkers 2.